TOP OF THE 1ST |
University of Alabama Crimson Tide batting - Pitching for University of Minnesota Golden Gophers : RHP Josh Sheets
|
Pitching: RHP Josh Sheets
|
|
Batting: RHB Danny Rosario
|
0-0: Called Strike 0-1: Called Strike 0-2: Ball 1-2: Ball 2-2: Ball 3-2: Ground out 1-3 (Groundball, 34S, EV 68.8 MPH)
|
Batting: RHB Gustavo Delgado
|
0-0: Fly out, F7 (Flyball, 7LS, EV 88.1 MPH)
|
Batting: RHB Hughie Withers
|
0-0: Ball 1-0: Fly out, F9 (Flyball, 9LM, EV 90.6 MPH)
|
Top of the 1st over - 0 runs, 0 hits, 0 errors, 0 left on base; University of Alabama 0 - University of Minnesota 0 |
BOTTOM OF THE 1ST |
University of Minnesota Golden Gophers batting - Pitching for University of Alabama Crimson Tide : RHP Matilde Tudela
|
Pitching: RHP Matilde Tudela
|
|
Batting: RHB Alex Guerra
|
0-0: Swinging Strike 0-1: Swinging Strike 0-2: Ball 1-2: Ball 2-2: Ball 3-2: Strikes out swinging
|
Batting: RHB Tatsuyoshi Ikeda
|
0-0: Ball 1-0: Ball 2-0: SINGLE (Groundball, 56D, EV 110.6 MPH)
|
Batting: RHB Ozzie Buendia
|
0-0: Called Strike Tatsuyoshi Ikeda steals 2nd base 0-1: Swinging Strike 0-2: Strikes out swinging
|
Batting: LHB Alex Villa
|
0-0: Swinging Strike 0-1: Swinging Strike 0-2: Ball 1-2: Strikes out swinging
|
Bottom of the 1st over - 0 runs, 1 hit, 0 errors, 1 left on base; University of Alabama 0 - University of Minnesota 0 |
TOP OF THE 2ND |
University of Alabama Crimson Tide batting - Pitching for University of Minnesota Golden Gophers : RHP Josh Sheets
|
Batting: RHB Juan Araiza
|
0-0: Ball 1-0: Called Strike 1-1: Ball 2-1: SINGLE (Line Drive, 9LS, EV 103.8 MPH)
|
Batting: RHB Matt Williams
|
0-0: Foul Ball, location: 2F 0-1: Swinging Strike 0-2: Ball 1-2: Ball Pickoff Throw to First - Out! 1-3 2-2: Ball 3-2: Strikes out swinging
|
Batting: RHB Jose Benavidez
|
0-0: Ground out 5-3 (Groundball, 5, EV 84.4 MPH)
|
Top of the 2nd over - 0 runs, 1 hit, 0 errors, 0 left on base; University of Alabama 0 - University of Minnesota 0 |
BOTTOM OF THE 2ND |
University of Minnesota Golden Gophers batting - Pitching for University of Alabama Crimson Tide : RHP Matilde Tudela
|
Batting: LHB Dick Shafer
|
0-0: Ball 1-0: DOUBLE (Line Drive, 7LS, EV 98.8 MPH)
|
Batting: RHB Jarrod Strickhouser
|
0-0: Ball 1-0: Ball 2-0: Called Strike 2-1: SINGLE (Groundball, 5L, EV 101.2 MPH) Dick Shafer to third
|
Batting: RHB Kevin Harris
|
0-0: SINGLE (Line Drive, 7LS, EV 100.0 MPH) Dick Shafer scores Jarrod Strickhouser to second
|
Batting: RHB Devon Healy
|
0-0: Ball 1-0: Swinging Strike 1-1: Foul Ball, location: 2F 1-2: Ball 2-2: Strikes out swinging
|
Batting: RHB Domingas Saragoa
|
0-0: Called Strike 0-1: Ball 1-1: Ball 2-1: Called Strike 2-2: Foul Ball, location: 2F 2-2: Ball 3-2: Strikes out swinging
|
Batting: RHB Alex Guerra
|
0-0: Called Strike 0-1: Ball 1-1: Swinging Strike 1-2: Strikes out swinging
|
Bottom of the 2nd over - 1 run, 3 hits, 0 errors, 2 left on base; University of Alabama 0 - University of Minnesota 1 |
TOP OF THE 3RD |
University of Alabama Crimson Tide batting - Pitching for University of Minnesota Golden Gophers : RHP Josh Sheets
|
Batting: LHB Robby Ramires
|
0-0: Ball 1-0: Ball 2-0: Called Strike 2-1: Ball 3-1: Base on Balls
|
Batting: LHB Brian Van
|
0-0: Ball 1-0: Fielders Choice at 2nd, U6 (Groundball, 4M, EV 101.2 MPH)
|
Batting: RHB B.J. Clark
|
0-0: Ball 1-0: Called Strike 1-1: Called Strike 1-2: Ball 2-2: Strikes out swinging
|
Batting: RHB Danny Rosario
|
0-0: Fielders Choice at 2nd, 5-4 (Groundball, 56, EV 90.0 MPH)
|
Top of the 3rd over - 0 runs, 0 hits, 0 errors, 1 left on base; University of Alabama 0 - University of Minnesota 1 |
BOTTOM OF THE 3RD |
University of Minnesota Golden Gophers batting - Pitching for University of Alabama Crimson Tide : RHP Matilde Tudela
|
Batting: RHB Tatsuyoshi Ikeda
|
0-0: Ball 1-0: Foul Ball, location: 2F 1-1: Called Strike 1-2: Strikes out looking
|
Batting: RHB Ozzie Buendia
|
0-0: Called Strike 0-1: Ball 1-1: Ball 2-1: Called Strike 2-2: Strikes out looking
|
Batting: LHB Alex Villa
|
0-0: Foul Ball, location: 2F 0-1: Foul Ball, location: 2F 0-2: DOUBLE (Line Drive, 89D, EV 103.1 MPH)
|
Batting: LHB Dick Shafer
|
0-0: Fly out, F8 (Flyball, 8LXD, EV 98.8 MPH)
|
Bottom of the 3rd over - 0 runs, 1 hit, 0 errors, 1 left on base; University of Alabama 0 - University of Minnesota 1 |
TOP OF THE 4TH |
University of Alabama Crimson Tide batting - Pitching for University of Minnesota Golden Gophers : RHP Josh Sheets
|
Batting: RHB Gustavo Delgado
|
0-0: Called Strike 0-1: Swinging Strike 0-2: Ball 1-2: Ball 2-2: Ball 3-2: Base on Balls
|
Batting: RHB Hughie Withers
|
0-0: Ball 1-0: SINGLE (Groundball, 56, EV 101.9 MPH) Gustavo Delgado to second
|
Batting: RHB Juan Araiza
|
0-0: Called Strike 0-1: Called Strike 0-2: Ball 1-2: Fly out, F7 (Flyball, 7LM, EV 83.1 MPH)
|
Batting: RHB Matt Williams
|
0-0: Swinging Strike 0-1: Ball 1-1: Ball 2-1: Reached via error on a dropped throw from SS, E4 (Groundball, 6S, EV 76.2 MPH) Gustavo Delgado to third Hughie Withers to second
|
Batting: RHB Jose Benavidez
|
0-0: Swinging Strike 0-1: Ball 1-1: Fly out, F9 (Line Drive, 9LS, EV 89.4 MPH) Runner from 3rd tags up, SCORES, throw by RF Hughie Withers to third
|
Batting: LHB Robby Ramires
|
0-0: Foul Ball, location: 2F 0-1: Ball 1-1: Foul Ball, location: 2F 1-2: Foul Ball, location: 2F 1-2: Foul Ball, location: 2F 1-2: Strikes out swinging
|
Top of the 4th over - 1 run, 1 hit, 1 error, 2 left on base; University of Alabama 1 - University of Minnesota 1 |
BOTTOM OF THE 4TH |
University of Minnesota Golden Gophers batting - Pitching for University of Alabama Crimson Tide : RHP Matilde Tudela
|
Batting: RHB Jarrod Strickhouser
|
0-0: TRIPLE (Line Drive, 78XD, EV 102.5 MPH)
|
Batting: RHB Kevin Harris
|
0-0: Ball 1-0: Swinging Strike 1-1: Ball 2-1: Ball 3-1: Foul Ball, location: 2F 3-2: Strikes out swinging
|
Batting: RHB Devon Healy
|
0-0: Ball 1-0: Reached on error, E6 (Groundball, 6, EV 85.6 MPH) Jarrod Strickhouser scores
|
Batting: RHB Domingas Saragoa
|
0-0: SINGLE (Line Drive, 56D, EV 94.4 MPH) Devon Healy to third
|
Batting: RHB Alex Guerra
|
0-0: Called Strike 0-1: Bunted foul 0-2: Ball 1-2: Ball 2-2: Ball 3-2: Foul Ball, location: 2F 3-2: Foul Ball, location: 2F 3-2: Base on Balls Domingas Saragoa to second
|
Batting: RHB Tatsuyoshi Ikeda
|
0-0: Ball 1-0: Called Strike 1-1: Ball 2-1: Grounds into fielders choice 1-2 (Groundball, 15S, EV 68.8 MPH) Domingas Saragoa to third Alex Guerra to second
|
Batting: RHB Ozzie Buendia
|
0-0: Ball 1-0: Ball 2-0: Foul Ball, location: 2F 2-1: Called Strike 2-2: Ground out 5-3 (Groundball, 5S, EV 86.9 MPH)
|
Bottom of the 4th over - 1 run, 2 hits, 1 error, 3 left on base; University of Alabama 1 - University of Minnesota 2 |
TOP OF THE 5TH |
University of Alabama Crimson Tide batting - Pitching for University of Minnesota Golden Gophers : RHP Josh Sheets
|
Batting: LHB Brian Van
|
0-0: Called Strike 0-1: SINGLE (Groundball, P, EV 92.5 MPH) (infield hit)
|
Batting: RHB B.J. Clark
|
0-0: Called Strike 0-1: Swinging Strike 0-2: Strikes out swinging
|
Batting: RHB Danny Rosario
|
0-0: Foul Ball, location: 2F 0-1: Fielders Choice at 2nd, 3-6 (Groundball, 34S, EV 80.6 MPH)
|
Batting: RHB Gustavo Delgado
|
0-0: Ball 1-0: SINGLE (Line Drive, 78S, EV 100.6 MPH) Danny Rosario to second
|
Batting: RHB Hughie Withers
|
0-0: Ground out 1-3 (Groundball, 13S, EV 60.6 MPH)
|
Top of the 5th over - 0 runs, 2 hits, 0 errors, 2 left on base; University of Alabama 1 - University of Minnesota 2 |
BOTTOM OF THE 5TH |
University of Minnesota Golden Gophers batting - Pitching for University of Alabama Crimson Tide : RHP Matilde Tudela
|
Pitching: RHP Gabriel Bass
|
|
Batting: LHB Alex Villa
|
0-0: Foul Ball, location: 2F 0-1: Ball 1-1: Foul Ball, location: 2F 1-2: Strikes out swinging
|
Batting: LHB Dick Shafer
|
0-0: Ball 1-0: Ball 2-0: Ball 3-0: Base on Balls
|
Batting: RHB Jarrod Strickhouser
|
0-0: Ball Dick Shafer is caught stealing 2nd base 2-4 1-0: Foul Ball, location: 2F 1-1: Ground out U3 (Groundball, 3S, EV 72.5 MPH)
|
Bottom of the 5th over - 0 runs, 0 hits, 0 errors, 0 left on base; University of Alabama 1 - University of Minnesota 2 |
TOP OF THE 6TH |
University of Alabama Crimson Tide batting - Pitching for University of Minnesota Golden Gophers : RHP Josh Sheets
|
Batting: RHB Juan Araiza
|
0-0: Ball 1-0: Ball 2-0: Foul Ball, location: 2F 2-1: Swinging Strike 2-2: Strikes out swinging
|
Batting: RHB Matt Williams
|
0-0: Ball 1-0: Ball 2-0: Ball 3-0: Base on Balls
|
Pitching: RHP Eppe de Jong
|
|
Batting: RHB Jose Benavidez
|
0-0: Ball Matt Williams steals 2nd base 1-0: Foul Ball, location: 2F 1-1: Ball 2-1: Called Strike 2-2: SINGLE (Line Drive, 56D, EV 104.4 MPH) Matt Williams to third
|
Pinch Hitting: RHB Fernando Reyes
|
0-0: Called Strike 0-1: Ball 1-1: Called Strike 1-2: Ball 2-2: Foul Ball, location: 2F 2-2: Ball 3-2: Fly out, F8 (Line Drive, 8RM, EV 103.1 MPH) Runner from 3rd tags up, SCORES, throw by CF
|
Pinch Hitting: LHB Dallas Shaw
|
0-0: Fly out, F8 (Flyball, 8LD, EV 88.8 MPH)
|
Top of the 6th over - 1 run, 1 hit, 0 errors, 1 left on base; University of Alabama 2 - University of Minnesota 2 |
BOTTOM OF THE 6TH |
University of Minnesota Golden Gophers batting - Pitching for University of Alabama Crimson Tide : RHP Gabriel Bass
|
Now in LF: Yu-shu Ni
|
|
Now in RF: John Hicken
|
|
Batting: RHB Kevin Harris
|
0-0: Ball 1-0: Called Strike 1-1: Foul Ball, location: 2F 1-2: Ball 2-2: Ball 3-2: Strikes out swinging
|
Batting: RHB Devon Healy
|
0-0: Ball 1-0: Fly out, F9 (Flyball, 9S, EV 95.0 MPH)
|
Batting: RHB Domingas Saragoa
|
0-0: Ball 1-0: Swinging Strike 1-1: Called Strike 1-2: Ball 2-2: Foul Ball, location: 2F 2-2: Strikes out swinging
|
Bottom of the 6th over - 0 runs, 0 hits, 0 errors, 0 left on base; University of Alabama 2 - University of Minnesota 2 |
TOP OF THE 7TH |
University of Alabama Crimson Tide batting - Pitching for University of Minnesota Golden Gophers : RHP Eppe de Jong
|
Pinch Hitting: LHB Adam Antico
|
0-0: Ball 1-0: Ball 2-0: Ball 3-0: Called Strike 3-1: Ground out 4-3 (Groundball, 4, EV 97.5 MPH)
|
Pinch Hitting: LHB Joe Blackwood
|
0-0: Ball 1-0: Ball 2-0: Ball 3-0: Called Strike 3-1: Base on Balls
|
Batting: LHB Matt Barkley
|
Pickoff Play to 1st, Runner tries for 2nd, OUT after rundown. 0-0: Ball 1-0: Ball 2-0: Called Strike 2-1: Ball 3-1: Base on Balls
|
Batting: RHB Hughie Withers
|
0-0: Called Strike 0-1: Called Strike 0-2: Ball 1-2: Ball 2-2: Ball 3-2: Foul Ball, location: 2F 3-2: Ground out 4-3 (Groundball, 4M, EV 85.0 MPH)
|
Top of the 7th over - 0 runs, 0 hits, 0 errors, 1 left on base; University of Alabama 2 - University of Minnesota 2 |
BOTTOM OF THE 7TH |
University of Minnesota Golden Gophers batting - Pitching for University of Alabama Crimson Tide : RHP Gabriel Bass
|
Now at 2B: Rodrik Gardner
|
|
Now at SS: Hughie Withers
|
|
Now in CF: Joe Blackwood
|
|
Pinch Hitting: LHB Bobby Agterberg
|
0-0: Called Strike 0-1: Ball 1-1: Ball 2-1: Foul Ball, location: 2F 2-2: Foul Ball, location: 2F 2-2: Ground out 5-3 (Groundball, 5, EV 83.8 MPH)
|
Pinch Hitting: LHB Gabe Cothron
|
0-0: Ball 1-0: Foul Ball, location: 2F 1-1: Foul Ball, location: 2F 1-2: Ball 2-2: Ground out 6-3 (Groundball, 6, EV 83.1 MPH)
|
Pinch Hitting: RHB Mike Satterfield
|
0-0: Ground out 6-3 (Groundball, 6, EV 90.6 MPH)
|
Bottom of the 7th over - 0 runs, 0 hits, 0 errors, 0 left on base; University of Alabama 2 - University of Minnesota 2 |
TOP OF THE 8TH |
University of Alabama Crimson Tide batting - Pitching for University of Minnesota Golden Gophers : RHP Eppe de Jong
|
Now at 2B: Ned Scovell
|
|
Now at 3B: Phil Bonner
|
|
Now at SS: Farakiko Haunani
|
|
Pinch Hitting: RHB Onorato Zacagnini
|
0-0: Ball 1-0: Ball 2-0: Ball 3-0: Base on Balls
|
Pinch Hitting: SHB Andrew Robison
|
0-0: Ball 1-0: Ball Passed Ball! Onorato Zacagnini to second 2-0: Intentional Walk
|
Pinch Hitting: RHB Jong-your Lee
|
0-0: Bunted foul 0-1: Ball 1-1: Bunted foul 1-2: Foul Ball, location: 2F 1-2: Fly out, F4 (Popup, 4, EV 38.1 MPH)
|
Batting: RHB John Hicken
|
0-0: Foul Ball, location: 2F 0-1: Foul Ball, location: 2F 0-2: Ball 1-2: Ball 2-2: Fly out, F7 (Line Drive, 7, EV 93.1 MPH)
|
Pitching: LHP Bill Parker
|
|
Pinch Hitting: RHB Eric Kilmer
|
0-0: Swinging Strike 0-1: Called Strike 0-2: Ball 1-2: Ball 2-2: Ball 3-2: Strikes out swinging
|
Top of the 8th over - 0 runs, 0 hits, 0 errors, 2 left on base; University of Alabama 2 - University of Minnesota 2 |
BOTTOM OF THE 8TH |
University of Minnesota Golden Gophers batting - Pitching for University of Alabama Crimson Tide : RHP Gabriel Bass
|
Pitching: RHP Dwayne Boivin
|
|
Now at C: Eric Kilmer
|
|
Now at 1B: Onorato Zacagnini
|
|
Now at 3B: Jong-your Lee
|
|
Now in LF: Andrew Robison
|
|
Pinch Hitting: LHB Ivan Villegas
|
0-0: Ball 1-0: Ball 2-0: Ball 3-0: Base on Balls
|
Batting: LHB Dick Shafer
|
0-0: Called Strike 0-1: Called Strike 0-2: Ball 1-2: Foul Ball, location: 2F 1-2: Ball 2-2: Strikes out swinging
|
Pinch Hitting: RHB Scott Rose
|
0-0: Called Strike 0-1: Ball 1-1: Swinging Strike 1-2: Ball 2-2: Ball 3-2: Foul Ball, location: 2F 3-2: Foul Ball, location: 2F 3-2: Foul Ball, location: 2F 3-2: Base on Balls Ivan Villegas to second
|
Pinch Hitting: SHB Chris Rodgers
|
0-0: Ball 1-0: Grounds out, U3 (Groundball, 3L, EV 85.6 MPH) Ivan Villegas to third
|
Batting: RHB Jason Mooris
|
0-0: Ball 1-0: Ball 2-0: Fly out, F9 (Flyball, 89D, EV 85.0 MPH)
|
Bottom of the 8th over - 0 runs, 0 hits, 0 errors, 2 left on base; University of Alabama 2 - University of Minnesota 2 |
TOP OF THE 9TH |
University of Alabama Crimson Tide batting - Pitching for University of Minnesota Golden Gophers : LHP Bill Parker
|
Now at 1B: Jose Garrido
|
|
Now in LF: Roy Evenden
|
|
Now in CF: Dave Uttley
|
|
Batting: RHB Rodrik Gardner
|
0-0: Called Strike 0-1: Ball 1-1: Ball 2-1: Swinging Strike 2-2: Strikes out swinging
|
Batting: LHB Joe Blackwood
|
0-0: Called Strike 0-1: Ball 1-1: Ball 2-1: Swinging Strike 2-2: Ball 3-2: Base on Balls
|
Batting: LHB Matt Barkley
|
0-0: Ball 1-0: Ball 2-0: SINGLE (Groundball, 13, EV 83.1 MPH) (infield hit) Joe Blackwood to second
|
Batting: RHB Hughie Withers
|
0-0: Called Strike 0-1: Ball 1-1: Called Strike 1-2: Foul Ball, location: 2F 1-2: Ball 2-2: Strikes out swinging
|
Batting: RHB Onorato Zacagnini
|
0-0: Called Strike 0-1: Called Strike 0-2: Ball 1-2: Ball 2-2: Strikes out looking
|
Top of the 9th over - 0 runs, 1 hit, 0 errors, 2 left on base; University of Alabama 2 - University of Minnesota 2 |
BOTTOM OF THE 9TH |
University of Minnesota Golden Gophers batting - Pitching for University of Alabama Crimson Tide : RHP Dwayne Boivin
|
Pinch Hitting: RHB Adler Cananis
|
0-0: Ball 1-0: Swinging Strike 1-1: Foul Ball, location: 2F 1-2: Ball 2-2: Foul Ball, location: 2F 2-2: Ball 3-2: Ground out 6-3 (Groundball, 6, EV 107.5 MPH)
|
Batting: LHB Phil Bonner
|
0-0: Ball 1-0: Fly out, F9 (Flyball, 9D, EV 95.6 MPH)
|
Batting: RHB Ned Scovell
|
0-0: Foul Ball, location: 2F 0-1: SINGLE (Line Drive, 7S, EV 105.0 MPH)
|
Batting: RHB Farakiko Haunani
|
0-0: Called Strike 0-1: Swinging Strike 0-2: Strikes out looking
|
Bottom of the 9th over - 0 runs, 1 hit, 0 errors, 1 left on base; University of Alabama 2 - University of Minnesota 2 |
TOP OF THE 10TH |
University of Alabama Crimson Tide batting - Pitching for University of Minnesota Golden Gophers : LHP Bill Parker
|
Pitching: RHP Adam Wickwire
|
|
Now at C: Curt Perez
|
|
Batting: SHB Andrew Robison
|
0-0: Called Strike 0-1: Ball 1-1: Called Strike 1-2: Ground out U3 (Groundball, 34S, EV 83.1 MPH)
|
Batting: RHB Jong-your Lee
|
0-0: Foul Ball, location: 2F 0-1: Swinging Strike 0-2: Ground out 5-3 (Groundball, 56S, EV 81.2 MPH)
|
Pinch Hitting: LHB Eddie Corona
|
0-0: Ball 1-0: Ball 2-0: Foul Ball, location: 2F 2-1: Foul Ball, location: 2F 2-2: Strikes out looking
|
Top of the 10th over - 0 runs, 0 hits, 0 errors, 0 left on base; University of Alabama 2 - University of Minnesota 2 |
BOTTOM OF THE 10TH |
University of Minnesota Golden Gophers batting - Pitching for University of Alabama Crimson Tide : RHP Dwayne Boivin
|
Pitching: RHP Marco Soto
|
|
Now in LF: Edwin Vasquez
|
|
Now in RF: Andrew Robison
|
|
Batting: RHB Roy Evenden
|
0-0: Ball 1-0: SINGLE (Groundball, 4, EV 97.5 MPH)
|
Batting: LHB Dick Shafer
|
0-0: Ball Roy Evenden steals 2nd, throwing error, E2 Roy Evenden to third 1-0: Ball 2-0: Swinging Strike 2-1: Foul Ball, location: 2F 2-2: Strikes out swinging
|
Batting: RHB Dave Uttley
|
0-0: Intentional Walk
|
Pinch Hitting: RHB Chris Gant
|
0-0: Ball 1-0: Called Strike Squeeze bunt is on, Roy Evenden is safe
|
Bottom of the 10th over - 1 run, 1 hit, 1 error, 1 left on base; University of Alabama 2 - University of Minnesota 3 |
|